cohdb
Replays
Latest Replays
All Replays
Popular Replays
Top Player Replays
Match Explorer
How It Works
Community
CoH3 Stats
Reddit
Sign in to upload your games and track your stats! →
Sign in with Steam
Match 44427171
Unlisted
Match 44427171
Overview
Messages
Build Orders
End
Selects Mechanized Battlegroup
Pioneer Squad
Construct Infanterie Kompanie
Sniper
Construct Luftwaffe Kompanie
MG 42 Bunker
Medical Bunker
Flak 30 Anti-aircraft Gun Team
Selects Raid Package
221 Scout Car
Construct Panzergrenadier Kompanie
Pak 40 Anti-tank Gun Team
MG 42 Bunker
Selects Mobile Repair Stations
Selects StuG Assault Group
StuG Assault Group
Pak 40 Anti-tank Gun Team
Selects Wespe Self-propelled Artillery
StuG Assault Group
Wespe Self-propelled Artillery
Selects UNKNOWN (2160084)
Pak 40 Anti-tank Gun Team
✠KREUZZUG✠
std::shared_ptr<std::string>();
Zeal
BonkVonFuzzle
NoX
Legionary
0
0
Comments
sign in to comment!
No comments posted yet!